 Dungeon Crawl Stone Soup version 0.19.5 (webtiles) character file.

7051 JeffiDaFish the Thaumaturge (level 10, -4/81 HPs)
             Began as a Purple Draconian Fire Elementalist on Apr 25, 2017.
             Was a Priest of Sif Muna.
             Slain by a spiny frog (17 damage)
             ... on level 2 of the Lair of Beasts.
             The game lasted 00:39:14 (10818 turns).

JeffiDaFish the Thaumaturge (DrFE)                 Turns: 10818, Time: 00:39:14

Health: -4/81      AC: 16    Str: 17    XL:     10   Next: 83%
Magic:  1/22       EV: 14    Int: 19    God:    Sif Muna [***...]
Gold:   164        SH:  0    Dex: 10    Spells: 6 memorised, 6 levels left

rFire  . . .     SeeInvis .     h - +3 flail (crush)
rCold  . . .     Gourm    .     (armour unavailable)
rNeg   + . .     Faith    .     (no shield)
rPois  .         Spirit   .     (helmet restricted)
rElec  .         Reflect  .     i - +1 cloak
rCorr  .         Harm     .     w - +1 pair of gloves {Str+3}
MR     +....                    x - +2 pair of boots {Fly}
Stlth  +++.......               (no amulet)
                                s - +2 ring of protection
                                p - ring of the Illusory Wonders {+Inv rN+ Str+4}

@: flying
A: breathe power, unfitting armour, clever 1, clumsy 2, cold-blooded, AC +7
a: Breathe Dispelling Energy, Divine Energy, Channel Magic, Renounce Religion,
Evoke Invisibility, Stop Flying


You were on level 2 of the Lair of Beasts.
You worshipped Sif Muna.
Sif Muna was most pleased with you.
You were hungry.

You visited 3 branches of the dungeon, and saw 11 of its levels.

You collected 495 gold pieces.
You spent 331 gold pieces at shops.

Inventory:

Hand Weapons
 h - a +3 flail of crushing (weapon)
Armour
 i - a +1 cloak (worn)
 w - a +1 pair of gloves of strength (worn)
 x - a +2 pair of boots of flying (worn)
Jewellery
 p - the ring of the Illusory Wonders (left hand) {+Inv rN+ Str+4}
   (You found it on level 4 of the Dungeon)

   [ring of positive energy]

   It affects your strength (+4).
   It protects you from negative energy.
   It lets you turn invisible.
 s - a +2 ring of protection (right hand)
 y - an uncursed ring of protection from cold
Wands
 q - a wand of hasting (4/9)
Scrolls
 e - 4 scrolls of identify
 f - 7 scrolls of remove curse
 k - 4 scrolls of magic mapping
 m - 2 scrolls of teleportation
 n - a scroll of recharging
 t - a scroll of fear
 u - a scroll of fog
Potions
 j - a potion of ambrosia
 z - a potion of cancellation
Books
 a - a book of Flames

   Spells                             Type                      Level
   a - Flame Tongue                   Conjuration/Fire             1
   b - Throw Flame                    Conjuration/Fire             2
   c - Conjure Flame                  Conjuration/Fire             3
   d - Inner Flame                    Hexes/Fire                   3
   e - Sticky Flame                   Conjuration/Fire             4
   f - Fireball                       Conjuration/Fire             5
 r - a book of Air

   Spells                             Type                      Level
   a - Shock                          Conjuration/Air              1
   b - Swiftness                      Charms/Air                   2
   c - Repel Missiles                 Charms/Air                   2
   d - Static Discharge               Conjuration/Air              3
   e - Lightning Bolt                 Conjuration/Air              5
Comestibles
 b - 8 bread rations
 c - 3 meat rations


   Skills:
 + Level 5.4 Fighting
   Level 0.4(2.8) Axes
 + Level 4.5 Maces & Flails
 + Level 5.0 Dodging
 + Level 5.6 Stealth
 * Level 8.4 Spellcasting
 * Level 7.2 Conjurations
 * Level 8.3 Fire Magic
 + Level 2.7 Air Magic


You had 6 spell levels left.
You knew the following spells:

 Your Spells              Type           Power        Failure   Level  Hunger
a - Flame Tongue          Conj/Fire      #####        1%          1    None
b - Throw Flame           Conj/Fire      #####.       1%          2    None
c - Sticky Flame          Conj/Fire      #####...     4%          4    ###....
d - Fireball              Conj/Fire      #####.....   12%         5    #####..
e - Swiftness             Chrm/Air       ##......     10%         2    None
f - Lightning Bolt        Conj/Air       ####......   34%         5    #####..


Dungeon Overview and Level Annotations

Branches:
Dungeon (8/15)             Temple (1/1) D:6            Lair (2/6) D:8
  Swamp: Lair:2-4    Shoals: Lair:2-4     Snake: Lair:2-4    Spider: Lair:2-4

Altars:
Ashenzari
Cheibriados
Elyvilon
Fedhas
Gozag
Hepliaklqana
Kikubaaqudgha
Makhleb
Qazlal
Ru
Sif Muna
Uskayaw
Vehumet
Xom
Yredelemnul
Zin
The Shining One

Shops:
D:7 *   D:8 =[((

Annotations:
D:4 Aphrodieselac's ghost, amateur HOFi
D:7 Aphrodieselac's ghost, novice HOFi


Innate Abilities, Weirdness & Mutations

You can breathe bolts of dispelling energy.
Your rich purple scales are hard. (AC +7)
You cannot fit into any form of body armour.
You are cold-blooded and may be slowed by cold attacks.
Your mind is acute. (Int +2)
You are very clumsy. (Dex -4)


Message History

Press: ? - help, Shift-Dir - straight line, f/p - spiny frog
Aim: a spiny frog (heavily wounded)
The flame tongue misses the spiny frog.
You feel sick. The spiny frog misses you.
Casting: Flame Tongue
Confirm with . or Enter, or press ? or * to list all spells.
Aiming: Flame Tongue
Press: ? - help, Shift-Dir - straight line, f/p - spiny frog
Aim: a spiny frog (heavily wounded)
The flame tongue misses the spiny frog.
You feel sick. The spiny frog closely misses you. The spiny frog stings you!
* * * LOW HITPOINT WARNING * * *
You are lethally poisoned!
The spiny frog poisons you!
You feel better. The spiny frog stings you!
* * * LOW HITPOINT WARNING * * *
You barely miss the spiny frog. You tail-slap the spiny frog.
The spiny frog is severely wounded.
The spiny frog stings you!
You die...

##(.#.#.#$...#.#.#.....#
#......#..#...#.......#
#..#.....##..........).
##........P....#.P...#..
#P..P..........#.#.#....
##...............#.#.#.#
#...#.....PP...#.P...P..
##....F...#....#.....P.#
#P..#..@...#.........#..
#...P..........#........
#............#.....#....
#..........#.......#...#
#....[.....#.#.....#....
##..#............P.#..!.
#...#.....##.#.#.P......
#P........##.#...#.....(
##........##...#.#......


You could see a spiny frog.

Vanquished Creatures
  Harold (Lair:2)
  An elephant (D:7)
  Joseph (Lair:1)
  A spiny frog (Lair:2)
  A komodo dragon (Lair:1)
  A hippogriff (D:7)
  11 yaks
  A basilisk (Lair:1)
  Menkaure (D:6)
  4 water moccasins
  3 porcupines
  2 black bears
  5 ogres
  2 phantoms (D:7)
  4 centaurs
  2 crocodiles (Lair:1)
  3 bullfrogs
  A scorpion (D:8)
  A howler monkey (D:6)
  3 crimson imps
  A bullfrog zombie (D:7)
  A centaur zombie (D:7)
  2 hounds (D:4)
  An orc priest (D:8)
  Crazy Yiuf (D:2)
  2 bullfrog skeletons (D:6)
  Terence (D:2)
  3 iguanas
  5 orc wizards
  3 worker ants
  A hound zombie (D:8)
  A hound skeleton (D:7)
  A howler monkey skeleton (D:8)
  8 adders
  7 gnolls
  An adder zombie (D:7)
  4 worms
  5 dart slugs
  4 leopard geckos
  10 orcs
  A ball python (D:4)
  8 giant cockroaches
  4 hobgoblins
  5 jackals
  5 kobolds
  2 quokkas (D:6)
  4 bats
  3 frilled lizards
  12 goblins
  6 rats
161 creatures vanquished.

Vanquished Creatures (others)
  An adder (D:6)
  A plant (Lair:2)
2 creatures vanquished.

Grand Total: 163 creatures vanquished

Notes
Turn   | Place    | Note
-------+----------+-------------------------------------------
     0 | D:1      | JeffiDaFish the Draconian Fire Elementalist began the quest for the Orb.
     0 | D:1      | Reached XP level 1. HP: 14/14 MP: 3/3
   124 | D:1      | Reached XP level 2. HP: 15/20 MP: 0/5
   416 | D:1      | Learned a level 2 spell: Throw Flame
  1151 | D:1      | Reached XP level 3. HP: 20/26 MP: 0/6
  1531 | D:2      | Noticed Terence
  1553 | D:2      | Killed Terence
  1706 | D:2      | Reached XP level 4. HP: 34/34 MP: 5/7
  1712 | D:2      | Learned a level 4 spell: Sticky Flame
  1994 | D:2      | Found a runed door.
  1998 | D:2      | Noticed Crazy Yiuf
  2005 | D:2      | Killed Crazy Yiuf
  2433 | D:3      | Reached skill level 1 in Fighting
  2506 | D:3      | Found a snail-covered altar of Cheibriados.
  2821 | D:3      | Reached XP level 5. HP: 40/40 MP: 2/9
  3227 | D:4      | Noticed Aphrodieselac's ghost (amateur HOFi)
  3817 | D:4      | Got an ancient lapis lazuli ring
  3825 | D:4      | Identified the ring of the Illusory Wonders {+Inv rN+ Str+4} (You found it on level 4 of the Dungeon)
  4060 | D:5      | Entered Level 5 of the Dungeon
  4066 | D:5      | Found a shattered altar of Ashenzari.
  4093 | D:6      | Noticed Menkaure
  4097 | D:6      | Reached skill level 1 in Maces & Flails
  4097 | D:6      | Reached XP level 6. HP: 44/48 MP: 2/10
  4111 | D:6      | Killed Menkaure
  4456 | D:6      | Your scales start taking on a rich purple colour.
  4456 | D:6      | Reached XP level 7. HP: 45/56 MP: 8/13
  4471 | D:6      | Learned a level 5 spell: Fireball
  4730 | D:6      | Found a staircase to the Ecumenical Temple.
  4784 | Temple   | Entered the Ecumenical Temple
  5401 | D:7      | Noticed Aphrodieselac's ghost (novice HOFi)
  5548 | D:7      | Reached skill level 5 in Fire Magic
  5549 | D:7      | Found a radiant altar of Vehumet.
  5553 | D:7      | Found a hazy altar of Hepliaklqana.
  5556 | D:7      | Found a deep blue altar of Sif Muna.
  5564 | D:7      | Became a worshipper of Sif Muna the Loreminder
  5682 | D:7      | HP: 2/56 [centaur (3)]
  5863 | D:7      | Learned a level 3 spell: Static Discharge
  5909 | D:7      | Reached skill level 5 in Spellcasting
  5976 | D:7      | Reached XP level 8. HP: 46/63 MP: 7/15
  6054 | D:7      | Noticed a hippogriff
  6063 | D:7      | Killed a hippogriff
  6076 | D:7      | Identified the +1 shield of the Pits of Slime {*Slow rPois Int+3} (You found it on level 7 of the Dungeon)
  6272 | D:7      | Reached * piety under Sif Muna
  6356 | D:7      | Found Iromusho's General Store.
  6360 | D:7      | Bought a scroll of enchant armour for 90 gold pieces
  7053 | D:8      | Found a blossoming altar of Fedhas.
  7058 | D:8      | Found a glowing silver altar of Zin.
  7058 | D:8      | Noticed an angel
  7061 | D:8      | Found a shimmering altar of Xom.
  7148 | D:8      | Found Lurphajue's Antique Armour Shop.
  7158 | D:8      | Found Ypiloah's Jewellery Emporium.
  7471 | D:8      | Reached skill level 5 in Conjurations
  7471 | D:8      | Reached XP level 9. HP: 57/71 MP: 4/18
  7566 | D:8      | Found a staircase to the Lair.
  7568 | D:8      | Noticed an elephant
  7907 | D:7      | Killed an elephant
  8019 | D:8      | Found Vikil's Weapon Shoppe.
  8127 | D:8      | Learned a level 5 spell: Lightning Bolt
  8129 | D:8      | Found Pum Ymio's Antique Weapon Emporium.
  8256 | D:8      | Bought a pair of runed gloves for 241 gold pieces
  8343 | Lair:1   | Entered Level 1 of the Lair of Beasts
  8350 | Lair:1   | Reached ** piety under Sif Muna
  8521 | Lair:1   | Reached skill level 1 in Air Magic
  8776 | Lair:1   | Noticed a komodo dragon
  8785 | Lair:1   | Killed a komodo dragon
  8785 | Lair:1   | Reached skill level 5 in Stealth
  8785 | Lair:1   | Reached XP level 10. HP: 80/80 MP: 7/20
  8921 | Lair:1   | Noticed Joseph
  8932 | Lair:1   | Killed Joseph
  9043 | Lair:1   | Gained mutation: You are clumsy. (Dex -2) [potion of mutation]
  9043 | Lair:1   | Gained mutation: You are very clumsy. (Dex -4) [potion of mutation]
  9043 | Lair:1   | Gained mutation: Your mind is acute. (Int +2) [potion of mutation]
  9580 | Lair:1   | Reached skill level 5 in Fighting
  9894 | D:8      | Reached *** piety under Sif Muna
 10543 | Lair:2   | Noticed a spiny frog
 10551 | Lair:2   | Noticed a six-headed hydra
 10555 | Lair:2   | Killed a spiny frog
 10731 | Lair:2   | Learned a level 2 spell: Swiftness
 10784 | Lair:2   | Noticed Harold
 10789 | Lair:2   | Noticed a spiny frog
 10804 | Lair:2   | Killed Harold
 10804 | Lair:2   | Reached skill level 5 in Dodging
 10818 | Lair:2   | Slain by a spiny frog

Skill      XL: |  1  2  3  4  5  6  7  8  9 10 |
---------------+-------------------------------+-----
Stealth        | 2 3 4 5 |  5.6
Dodging        | 2 3 4 5 |  5.0
Conjurations   | 2 3 5 6 7 |  7.2
Fighting       | 1 2 3 4 5 |  5.4
Fire Magic     | 4 5 6 7 8 |  8.3
Spellcasting   | 3 4 5 6 7 8 |  8.4
Maces & Flails | 1 2 3 4 |  4.5
Air Magic      | 1 2 |  2.7
Axes           | |  0.4

Action                   |  1- 3 |  4- 6 |  7- 9 | 10-12 || total
-------------------------+-------+-------+-------+-------++-------
Melee: Unarmed           |    34 |       |       |       ||    34
       Tailslap          |     6 |     4 |    22 |     8 ||    40
       Hand axe          |    50 |       |       |       ||    50
       Flail             |     7 |    74 |   195 |    54 ||   330
 Cast: Flame Tongue      |    39 |    25 |    33 |     9 ||   106
       Throw Flame       |       |    17 |    11 |    11 ||    39
       Sticky Flame      |       |     2 |    31 |    16 ||    49
       Fireball          |       |       |     4 |     3 ||     7
       Static Discharge  |       |       |     3 |     3 ||     6
       Lightning Bolt    |       |       |       |     1 ||     1
Evoke: Wand              |       |       |     1 |       ||     1
  Use: Scroll            |     5 |     6 |     5 |     3 ||    19
       Potion            |     2 |     5 |     2 |     5 ||    14
 Stab: Sleeping          |     1 |     3 |       |       ||     4
  Eat: Chunk             |     3 |    10 |    12 |     9 ||    34
       Meat ration       |       |       |     2 |       ||     2
       Beef jerky        |       |       |       |     1 ||     1
Armor: Skin              |    31 |    25 |    82 |    34 ||   172
Dodge: Dodged            |    66 |    61 |   203 |    58 ||   388
